SNL (28 & UNDER)
BEAUMONT ROUGHNECKS @ WICHITA WRANGLERS
06/30/2027
 
TOP OF THE 1ST
Beaumont Roughnecks batting - Pitching for Wichita Wranglers : RHP Todd Brewster
Pitching: RHP Todd Brewster
Batting: LHB Tony Rivera 0-0: Called Strike
0-1: Ball
1-1: Ground out 5-3 (Groundball, 5L)
Batting: LHB Bernardo Morales 0-0: Ball
1-0: Called Strike
1-1: Fly out, F7 (Flyball, 7)
Batting: RHB Anthony Hezell 0-0: Called Strike
0-1: Ball
1-1: Ball
2-1: SINGLE (Groundball, 6D)
Batting: LHB Cam Flowers 0-0: Foul Ball, location: 2F
0-1: Called Strike
Anthony Hezell steals 2nd base
0-2: DOUBLE (Line Drive, 89D)
Anthony Hezell scores
Batting: RHB Miguel Costa 0-0: Ball
1-0: Foul Ball, location: 2F
1-1: Swinging Strike
1-2: SINGLE (Groundball, 4MD)
Cam Flowers to third
Runner from 3rd tries for Home, SAFE, throw made home
Miguel Costa to second
Batting: RHB Jeff Mason 0-0: Called Strike
0-1: Called Strike
0-2: Ball
1-2: Ground out 3-1 (Groundball, 34)
Top of the 1st over - 2 run(s), 3 hit(s), 0 error(s), 1 left on base; Beaumont 2 - Wichita 0
BOTTOM OF THE 1ST
Wichita Wranglers batting - Pitching for Beaumont Roughnecks : RHP Jim Fitzgerald
Pitching: RHP Jim Fitzgerald
Batting: RHB Werner Watkins 0-0: Ball
1-0: Called Strike
1-1: Swinging Strike
1-2: Ball
2-2: Foul Ball, location: 2F
2-2: Foul Ball, location: 2F
2-2: Ball
3-2: SINGLE (Groundball, 6D)
Batting: RHB Oliver Todd 0-0: Ball
1-0: Ball
Throwing error on steal attempt, E2
Werner Watkins to third
2-0: Swinging Strike
2-1: Reached on error, E5 (Groundball, 56S)
Werner Watkins scores
Batting: LHB Edward Rose 0-0: Ball
1-0: SINGLE (Line Drive, 56)
Oliver Todd to second
Batting: SHB Javier Peña 0-0: Foul Ball, location: 2F
0-1: Ball
1-1: Called Strike
1-2: Foul Ball, location: 2F
1-2: Foul Ball, location: 2F
1-2: Strikes out looking
Batting: RHB Félix Gonzáles 0-0: Swinging Strike
0-1: Called Strike
0-2: Strikes out swinging
Batting: RHB Santiago Morales 0-0: Foul Ball, location: 2F
0-1: Swinging Strike
0-2: Strikes out swinging
Bottom of the 1st over - 1 run(s), 2 hit(s), 2 error(s), 2 left on base; Beaumont 2 - Wichita 1
TOP OF THE 2ND
Beaumont Roughnecks batting - Pitching for Wichita Wranglers : RHP Todd Brewster
Batting: RHB Albert Alemán 0-0: Called Strike
0-1: Fly out, F8 (Flyball, 89S)
Batting: LHB Enrique Cruz 0-0: Foul Ball, location: 2F
0-1: Ball
1-1: Ball
2-1: Ball
3-1: SINGLE (Line Drive, 89S)
Batting: SHB Keith Gratton 0-0: Ball
1-0: Foul Ball, location: 2F
1-1: Foul Ball, location: 2F
1-2: SINGLE (Flyball, 78S)
Enrique Cruz to second
Batting: LHB Tony Rivera 0-0: Ball
1-0: Foul Ball, location: 2F
1-1: Foul Ball, location: 2F
1-2: Foul Ball, location: 2F
1-2: Ball
Wild Pitch!
Enrique Cruz to third
Keith Gratton to second
2-2: Fly out, F8 (Flyball, 8LS)
Runner from 3rd tags up, SCORES, no throw
Batting: LHB Bernardo Morales 0-0: Ball
1-0: Ball
2-0: Swinging Strike
2-1: SINGLE (Flyball, 7LS)
Keith Gratton to third
Batting: RHB Anthony Hezell 0-0: Ball
1-0: Ball
2-0: Ball
3-0: Called Strike
3-1: Fly out, F3 (Line Drive, 3)
Top of the 2nd over - 1 run(s), 3 hit(s), 0 error(s), 2 left on base; Beaumont 3 - Wichita 1
BOTTOM OF THE 2ND
Wichita Wranglers batting - Pitching for Beaumont Roughnecks : RHP Jim Fitzgerald
Batting: LHB Richard Hinkle 0-0: Called Strike
0-1: Foul Ball, location: 2F
0-2: Ball
1-2: Strikes out swinging
Batting: SHB Wayne Matthews 0-0: Ball
1-0: Foul Ball, location: 2F
1-1: Foul Ball, location: 2F
1-2: DOUBLE (Line Drive, 7LM)
Batting: RHB Ralph Lambert 0-0: Called Strike
0-1: Ball
1-1: Ball
2-1: Ball
3-1: Called Strike
3-2: DOUBLE (Flyball, 89D)
Wayne Matthews scores
Batting: RHB Werner Watkins 0-0: Ball
1-0: Fly out, F9 (Flyball, 9S)
Batting: RHB Oliver Todd 0-0: Swinging Strike
0-1: Fly out, F7 (Line Drive, 7)
Bottom of the 2nd over - 1 run(s), 2 hit(s), 0 error(s), 1 left on base; Beaumont 3 - Wichita 2
TOP OF THE 3RD
Beaumont Roughnecks batting - Pitching for Wichita Wranglers : RHP Todd Brewster
Batting: LHB Cam Flowers 0-0: Swinging Strike
0-1: Ball
1-1: Swinging Strike
1-2: Ball
2-2: Ball
3-2: Fly out, F8 (Flyball, 8RD)
Batting: RHB Miguel Costa 0-0: Called Strike
0-1: Foul Ball, location: 2F
0-2: Ball
1-2: Fly out, F9 (Flyball, 9D)
Batting: RHB Jeff Mason 0-0: Ground out 3-1 (Groundball, 34)
Top of the 3rd over - 0 run(s), 0 hit(s), 0 error(s), 0 left on base; Beaumont 3 - Wichita 2
BOTTOM OF THE 3RD
Wichita Wranglers batting - Pitching for Beaumont Roughnecks : RHP Jim Fitzgerald
Batting: LHB Edward Rose 0-0: Called Strike
0-1: Ball
1-1: Ground out 4-3 (Groundball, 34)
Batting: SHB Javier Peña 0-0: Called Strike
0-1: Ball
1-1: Ground out U3 (Groundball, 3S)
Batting: RHB Félix Gonzáles 0-0: Foul Ball, location: 2F
0-1: Swinging Strike
0-2: Strikes out looking
Bottom of the 3rd over - 0 run(s), 0 hit(s), 0 error(s), 0 left on base; Beaumont 3 - Wichita 2
TOP OF THE 4TH
Beaumont Roughnecks batting - Pitching for Wichita Wranglers : RHP Todd Brewster
Batting: RHB Albert Alemán 0-0: Called Strike
0-1: Ball
1-1: Ball
2-1: Ball
3-1: SINGLE (Groundball, 4MD)
Batting: LHB Enrique Cruz 0-0: Ball
1-0: Called Strike
1-1: Ball
2-1: Ball
3-1: Foul Ball, location: 2F
3-2: Foul Ball, location: 2F
3-2: SINGLE (Groundball, 4MD)
Albert Alemán to second
Runner from 2nd tries for 3rd, SAFE, throw made to third
Batting: SHB Keith Gratton 0-0: Ball
1-0: DOUBLE (Line Drive, 9LM)
Albert Alemán scores
Enrique Cruz to third
Batting: LHB Tony Rivera 0-0: Ball
1-0: Called Strike
1-1: SINGLE (Groundball, 34S) (infield hit)
Enrique Cruz scores
Keith Gratton to third
Batting: LHB Bernardo Morales 0-0: Ball
1-0: SINGLE (Line Drive, 34)
Keith Gratton scores
Tony Rivera to second
Batting: RHB Anthony Hezell 0-0: Fielders Choice at 2nd, 4-6 (Groundball, 4M)
Tony Rivera to third
Batting: LHB Cam Flowers 0-0: Called Strike
0-1: Ball
1-1: Ball
2-1: Called Strike
2-2: Fly out, F8 (Flyball, 8RD)
Runner from 3rd tags up, SCORES, no throw
Pitching: RHP José López
Batting: RHB Miguel Costa 0-0: Ball
1-0: Ball
2-0: Ball
3-0: Called Strike
3-1: Foul Ball, location: 2F
3-2: DOUBLE (Groundball, 5L)
Anthony Hezell to third
Anthony Hezell scores
Batting: RHB Jeff Mason 0-0: Ball
1-0: Ball
2-0: Ball
3-0: Base on Balls
Batting: RHB Albert Alemán 0-0: Foul Ball, location: 2F
0-1: Ground out 6-3 (Groundball, 6M)
Top of the 4th over - 5 run(s), 6 hit(s), 0 error(s), 2 left on base; Beaumont 8 - Wichita 2
BOTTOM OF THE 4TH
Wichita Wranglers batting - Pitching for Beaumont Roughnecks : RHP Jim Fitzgerald
Batting: RHB Santiago Morales 0-0: Ball
1-0: Ball
2-0: Called Strike
2-1: SINGLE (Groundball, 6MD)
Batting: LHB Richard Hinkle 0-0: Ball
1-0: Ball
2-0: Foul Ball, location: 2F
2-1: SINGLE (Line Drive, 56D)
Santiago Morales to second
Batting: SHB Wayne Matthews 0-0: SINGLE (Flyball, 7S)
Santiago Morales to third
Richard Hinkle to second
Runner from 3rd tries for Home, SAFE, throw made home
Richard Hinkle to third
Wayne Matthews to second
Batting: RHB Ralph Lambert 0-0: Called Strike
0-1: Ball
1-1: Called Strike
1-2: Ball
2-2: Strikes out swinging
Batting: RHB Werner Watkins 0-0: Ground out U3 (Groundball, 34)
Richard Hinkle scores
Wayne Matthews to third
Batting: RHB Oliver Todd 0-0: Reached on error, E5 (Groundball, 56)
Wayne Matthews scores
Pitching: RHP Jesús Ortíz
Batting: LHB Edward Rose 0-0: Ball
1-0: Foul Ball, location: 2F
1-1: Called Strike
1-2: Ball
2-2: Foul Ball, location: 2F
2-2: Ball
3-2: Foul Ball, location: 2F
3-2: 2-RUN HOME RUN (Flyball, 78XD), Distance : 392 ft
Batting: SHB Javier Peña 0-0: Foul Ball, location: 2F
0-1: Ball
1-1: Fly out, F4 (Flyball, 34D)
Bottom of the 4th over - 5 run(s), 4 hit(s), 1 error(s), 0 left on base; Beaumont 8 - Wichita 7
TOP OF THE 5TH
Beaumont Roughnecks batting - Pitching for Wichita Wranglers : RHP José López
Batting: LHB Enrique Cruz 0-0: Called Strike
0-1: Foul Ball, location: 2F
0-2: Strikes out swinging, 2-3 out at first.
Batting: SHB Keith Gratton 0-0: Ball
1-0: SINGLE (Line Drive, 4)
Batting: LHB Tony Rivera 0-0: Foul Ball, location: 2F
0-1: Swinging Strike
0-2: Ground out 6-3 (Groundball, 6MS)
Keith Gratton to second
Batting: LHB Bernardo Morales 0-0: 2-RUN HOME RUN (Flyball, 89XD), Distance : 385 ft
Batting: RHB Anthony Hezell 0-0: Ball
1-0: Foul Ball, location: 2F
1-1: Called Strike
1-2: Ball
2-2: Ball
3-2: Foul Ball, location: 2F
3-2: Base on Balls
Batting: LHB Cam Flowers 0-0: Called Strike
0-1: SINGLE (Groundball, 4MD)
Anthony Hezell to second
Runner from 2nd tries for 3rd, SAFE, throw made to third
Batting: RHB Miguel Costa 0-0: Ball
1-0: Called Strike
1-1: Ball
2-1: Ball
3-1: Base on Balls
Cam Flowers to second
Batting: RHB Jeff Mason 0-0: Ball
1-0: Ball
2-0: Ball
3-0: Called Strike
3-1: Foul Ball, location: 2F
3-2: Strikes out swinging
Top of the 5th over - 2 run(s), 3 hit(s), 0 error(s), 3 left on base; Beaumont 10 - Wichita 7
BOTTOM OF THE 5TH
Wichita Wranglers batting - Pitching for Beaumont Roughnecks : RHP Jesús Ortíz
Batting: RHB Félix Gonzáles 0-0: Ball
1-0: Ball
2-0: Foul Ball, location: 2F
2-1: Ground out 1-3 (Groundball, 13S)
Batting: RHB Santiago Morales 0-0: Ball
1-0: Ball
2-0: Ball
3-0: Called Strike
3-1: Called Strike
3-2: Fly out, F1 (Line Drive, 13)
Batting: LHB Richard Hinkle 0-0: Called Strike
0-1: Fly out, F7 (Flyball, 7D)
Bottom of the 5th over - 0 run(s), 0 hit(s), 0 error(s), 0 left on base; Beaumont 10 - Wichita 7
TOP OF THE 6TH
Beaumont Roughnecks batting - Pitching for Wichita Wranglers : RHP José López
Batting: RHB Albert Alemán 0-0: Ball
1-0: Ball
2-0: Swinging Strike
2-1: Swinging Strike
2-2: Ball
3-2: SINGLE (Flyball, 8RS)
Batting: LHB Enrique Cruz 0-0: Foul Ball, location: 2F
0-1: Ball
1-1: SINGLE (Groundball, 4MD)
Albert Alemán to second
Batting: SHB Keith Gratton 0-0: Called Strike
0-1: Foul Ball, location: 2F
0-2: Hit by Pitch
Albert Alemán to third
Enrique Cruz to second
Batting: LHB Tony Rivera 0-0: Called Strike
0-1: Ball
1-1: Grounds into fielders choice 6-2 (Groundball, 6)
Enrique Cruz to third
Keith Gratton to second
Batting: LHB Bernardo Morales 0-0: Called Strike
0-1: Ball
1-1: SINGLE (Flyball, 78S)
Enrique Cruz scores
Keith Gratton to third
Tony Rivera to second
Runner from 3rd tries for Home, SAFE, no throw
Pitching: RHP Robinson Vásquez
Batting: RHB Anthony Hezell 0-0: Ball
1-0: Called Strike
1-1: Ground out 4-3 (Groundball, 4S)
Tony Rivera to third
Bernardo Morales to second
Batting: LHB Cam Flowers 0-0: Ball
1-0: Ball
2-0: Ball
3-0: Called Strike
3-1: Base on Balls
Batting: RHB Miguel Costa 0-0: Ball
1-0: Called Strike
1-1: Foul Ball, location: 2F
1-2: Strikes out swinging
Top of the 6th over - 2 run(s), 3 hit(s), 0 error(s), 3 left on base; Beaumont 12 - Wichita 7
BOTTOM OF THE 6TH
Wichita Wranglers batting - Pitching for Beaumont Roughnecks : RHP Jesús Ortíz
Pitching: RHP Dave Hammond
Batting: SHB Wayne Matthews 0-0: Ball
1-0: Ball
2-0: Called Strike
2-1: SINGLE (Line Drive, 7S)
Batting: RHB Ralph Lambert 0-0: Called Strike
0-1: Ball
1-1: Grounds into double play, 4-6-3 (Groundball, 4)
Batting: RHB Werner Watkins 0-0: Foul Ball, location: 2F
0-1: Ball
1-1: Ground out 6-3 (Groundball, 6S)
Bottom of the 6th over - 0 run(s), 1 hit(s), 0 error(s), 0 left on base; Beaumont 12 - Wichita 7
TOP OF THE 7TH
Beaumont Roughnecks batting - Pitching for Wichita Wranglers : RHP Robinson Vásquez
Batting: RHB Jeff Mason 0-0: Ball
1-0: Ball
2-0: Called Strike
2-1: Called Strike
2-2: Strikes out swinging
Batting: RHB Albert Alemán 0-0: Called Strike
0-1: Called Strike
0-2: Ball
1-2: Ground out 5-3 (Groundball, 56S)
Batting: LHB Enrique Cruz 0-0: Swinging Strike
0-1: Called Strike
0-2: Fly out, F2 (Popup, 34S)
Top of the 7th over - 0 run(s), 0 hit(s), 0 error(s), 0 left on base; Beaumont 12 - Wichita 7
BOTTOM OF THE 7TH
Wichita Wranglers batting - Pitching for Beaumont Roughnecks : RHP Dave Hammond
Batting: RHB Oliver Todd 0-0: Ball
1-0: Ball
2-0: Fly out, F8 (Flyball, 8LXD)
Batting: LHB Edward Rose 0-0: Ball
1-0: Called Strike
1-1: Ground out 6-3 (Groundball, 6)
Batting: SHB Javier Peña 0-0: Ball
1-0: Called Strike
1-1: Ball
2-1: SINGLE (Line Drive, 8RS)
Batting: RHB Félix Gonzáles 0-0: Swinging Strike
0-1: Called Strike
0-2: Strikes out swinging
Bottom of the 7th over - 0 run(s), 1 hit(s), 0 error(s), 1 left on base; Beaumont 12 - Wichita 7
TOP OF THE 8TH
Beaumont Roughnecks batting - Pitching for Wichita Wranglers : RHP Robinson Vásquez
Batting: SHB Keith Gratton 0-0: Ball
1-0: Called Strike
1-1: DOUBLE (Groundball, 3L)
Batting: LHB Tony Rivera 0-0: DOUBLE (Line Drive, 89XD)
Keith Gratton scores
Batting: LHB Bernardo Morales 0-0: Called Strike
0-1: Foul Ball, location: 2F
0-2: Foul Ball, location: 2F
0-2: Fly out, F8 (Flyball, 8RS)
Batting: RHB Anthony Hezell 0-0: Called Strike
0-1: Ball
1-1: Ball
2-1: SINGLE (Groundball, 6D)
Tony Rivera to third
Runner from 3rd tries for Home, SAFE, no throw
Batting: LHB Cam Flowers 0-0: Called Strike
0-1: Foul Ball, location: 2F
0-2: Ball
Anthony Hezell steals 2nd base
1-2: Ball
2-2: DOUBLE (Line Drive, 9)
Anthony Hezell scores
Batting: RHB Miguel Costa 0-0: Ball
1-0: Called Strike
1-1: Foul Ball, location: 2F
1-2: Foul Ball, location: 2F
1-2: Ball
2-2: Foul Ball, location: 2F
2-2: Fly out, F4 (Line Drive, 34)
Batting: RHB Jeff Mason 0-0: Ball
1-0: Ball
2-0: Called Strike
2-1: Called Strike
2-2: Strikes out looking
Top of the 8th over - 3 run(s), 4 hit(s), 0 error(s), 1 left on base; Beaumont 15 - Wichita 7
BOTTOM OF THE 8TH
Wichita Wranglers batting - Pitching for Beaumont Roughnecks : RHP Dave Hammond
Batting: RHB Santiago Morales 0-0: Ball
1-0: Foul Ball, location: 2F
1-1: Foul Ball, location: 2F
1-2: Strikes out looking
Batting: LHB Richard Hinkle 0-0: Fly out, F7 (Flyball, 7S)
Batting: SHB Wayne Matthews 0-0: Called Strike
0-1: Ball
1-1: Ground out 4-3 (Groundball, 4)
Bottom of the 8th over - 0 run(s), 0 hit(s), 0 error(s), 0 left on base; Beaumont 15 - Wichita 7
TOP OF THE 9TH
Beaumont Roughnecks batting - Pitching for Wichita Wranglers : RHP Robinson Vásquez
Pitching: LHP Craig Robinson
Batting: RHB Albert Alemán 0-0: Ball
1-0: Foul Ball, location: 2F
1-1: Ball
2-1: Called Strike
2-2: Ball
3-2: Base on Balls
Batting: LHB Enrique Cruz 0-0: Ball
1-0: Swinging Strike
1-1: Foul Ball, location: 2F
1-2: Hit by Pitch
Albert Alemán to second
Batting: SHB Keith Gratton 0-0: Hit by Pitch
Albert Alemán to third
Enrique Cruz to second
Batting: LHB Tony Rivera 0-0: Grounds into double play, 6-4-3 (Groundball, 6)
Albert Alemán scores
Enrique Cruz to third
Batting: LHB Bernardo Morales 0-0: Called Strike
0-1: Ball
1-1: Swinging Strike
1-2: SINGLE (Groundball, 25) (infield hit)
Enrique Cruz scores
Batting: RHB Anthony Hezell 0-0: Ball
1-0: Ball
2-0: Fly out, F4 (Popup, 34D)
Top of the 9th over - 2 run(s), 1 hit(s), 0 error(s), 1 left on base; Beaumont 17 - Wichita 7
BOTTOM OF THE 9TH
Wichita Wranglers batting - Pitching for Beaumont Roughnecks : RHP Dave Hammond
Pitching: RHP Gustavo Rodríguez
Batting: RHB Ralph Lambert 0-0: Ball
1-0: Ground out 5-3 (Groundball, 56)
Batting: RHB Werner Watkins 0-0: Ball
1-0: Called Strike
1-1: Called Strike
1-2: Ball
2-2: Strikes out looking
Pinch Hitting: LHB Alfredo Sánchez 0-0: Ball
1-0: Swinging Strike
1-1: Ball
2-1: Foul Ball, location: 2F
2-2: Fly out, F7 (Flyball, 7LS)
Bottom of the 9th over - 0 run(s), 0 hit(s), 0 error(s), 0 left on base; Beaumont 17 - Wichita 7
Thursday, March 30th, 2017 - OOTP Baseball 17.12 Build 75